Map: 골든 월 - 래더

Players

llllllllllll (Trap) - Winner!

  • Race: Protoss Protoss
  • League: Master
  • Spawn Location: 7:00

IIIIIllllIIl (Creator)

  • Race: Protoss Protoss
  • League: Grandmaster
  • Spawn Location: 5:00

VOD

Have the link to the VOD?

Description

Time

  • Played on: April 14, 2020, 6:30 a.m.
  • Length: 6:57
Show
View Real Time Build Order
Export as new Build Order

llllllllllll Protoss - Winner!

Build Orders: Phoenix Opening 

Get SALT Encoding   

  12  0:00  Probe  
  13  0:12  Probe  
  14  0:18  Pylon  
  14  0:24  Probe (Chrono Boost)  
  15  0:37  Gateway, Probe (Chrono Boost)  
  16  0:45  Probe (Chrono Boost)  
  17  0:51  Probe  
  17  0:55  Assimilator  
  18  1:03  Probe (Chrono Boost)  
  19  1:04  Assimilator  
  19  1:15  Probe (Chrono Boost)  
  19  1:16  Gateway  
  20  1:20  Probe (Chrono Boost)  
  21  1:26  Cybernetics Core  
  21  1:29  Probe  
  22  1:38  Pylon  
  22  1:41  Probe  
  23  1:56  Probe  
  24  2:02  Adept  
  24  2:03  Warp Gate, Adept  
  28  2:15  Pylon  
  28  2:24  Pylon  
  28  2:32  Adept  
  28  2:33  Adept  
  31  2:54  Probe  
  31  2:57  Nexus  
  32  3:03  Sentry  
  34  3:08  Robotics Facility  
  34  3:10  Probe  
  35  3:14  Sentry  
  37  3:25  Pylon  
  37  3:30  Pylon  
  37  3:31  Probe  
  38  3:36  Phoenix  
  38  3:44  Probe (Chrono Boost)  
  39  3:50  Stalker x2  
  39  3:54  Probe (Chrono Boost)  
  44  3:57  Observer  
  44  3:59  Probe (Chrono Boost)  
  46  4:10  Probe  
  46  4:17  Probe  
  46  4:21  Warp Prism (Chrono Boost)  
  46  4:23  Adept x2  
  46  4:29  Probe (Chrono Boost)  
  50  4:34  Probe (Chrono Boost)  
  51  4:38  Probe (Chrono Boost)  
  51  4:42  Probe (Chrono Boost)  
  52  4:47  Immortal (Chrono Boost)  
  52  4:49  Probe  
  57  4:53  Probe  
  57  4:54  Adept  
  57  4:56  Sentry  
  62  5:05  Twilight Council  
  62  5:10  Pylon  
  62  5:15  Pylon  
  62  5:25  Immortal (Chrono Boost)  
  62  5:28  Probe x2  
  68  5:37  Gateway x2  
  68  5:56  Observer  
  66  5:57  Immortal (Chrono Boost)  
  68  6:04  Gateway  
  68  6:05  Sentry  
  68  6:08  Gateway  
  68  6:10  Pylon x2  
  68  6:11  Gateway  
  70  6:21  Pylon  
  70  6:40  Pylon  
  70  6:41  Probe x2  
  70  6:44  Adept x4  
  80  6:48  Pylon  
  80  6:49  Pylon  
Show
View Real Time Build Order
Export as new Build Order

IIIIIllllIIl Protoss 

Build Orders: Phoenix Opening 

Get SALT Encoding   

  12  0:00  Probe  
  13  0:12  Probe  
  14  0:17  Pylon  
  14  0:24  Probe (Chrono Boost)  
  15  0:36  Probe (Chrono Boost)  
  15  0:37  Gateway  
  16  0:44  Probe (Chrono Boost)  
  16  0:47  Assimilator  
  17  0:51  Probe  
  17  0:55  Assimilator  
  18  1:03  Probe (Chrono Boost)  
  19  1:08  Gateway  
  19  1:13  Probe (Chrono Boost)  
  19  1:18  Probe (Chrono Boost)  
  21  1:26  Cybernetics Core  
  21  1:29  Probe  
  22  1:36  Pylon  
  22  1:41  Probe  
  24  1:54  Probe  
  24  2:02  Adept x2  
  24  2:03  Warp Gate  
  28  2:13  Pylon  
  28  2:24  Shield Battery  
  28  2:25  Pylon  
  28  2:33  Sentry  
  32  2:41  Sentry  
  32  2:49  Nexus  
  32  2:51  Probe (Chrono Boost)  
  33  3:03  Probe (Chrono Boost)  
  34  3:09  Probe (Chrono Boost)  
  34  3:10  Shield Battery  
  34  3:11  Sentry  
  37  3:15  Pylon  
  37  3:18  Probe  
  38  3:27  Phoenix  
  38  3:30  Probe  
  39  3:34  Forge  
  37  3:42  Probe  
  38  3:51  Stalker x2  
  38  3:55  Probe  
  43  4:01  Probe  
  42  4:11  Protoss Ground Weapons Level 1  
  42  4:15  Stalker, Adept  
  42  4:16  Shield Battery  
  42  4:20  Probe  
  42  4:21  Probe  
  42  4:33  Probe x2 (Chrono Boost)  
  42  4:36  Sentry  
  46  4:39  Sentry  
  46  4:44  Probe (Chrono Boost)  
  46  4:45  Probe (Chrono Boost)  
  50  4:46  Twilight Council  
  50  4:49  Probe x2 (Chrono Boost)  
  52  4:53  Pylon  
  52  4:59  Assimilator, Probe  
  54  5:00  Probe  
  54  5:01  Assimilator  
  54  5:05  Gateway  
  54  5:11  Probe  
  54  5:12  Probe  
  56  5:26  Probe x2  
  55  5:28  Stalker  
  55  5:29  Stalker  
  55  5:39  Probe x2  
  50  5:53  Stalker x2  
  50  5:55  Probe x2  
  51  6:08  Probe x2 (Chrono Boost)  
  53  6:18  Probe x2 (Chrono Boost)  
  55  6:23  Probe x2 (Chrono Boost)  
  55  6:24  Gateway  
  57  6:26  Gateway  
  57  6:32  Stalker  
  59  6:38  Probe x2  
  59  6:42  Stalker  
  59  6:45  Stalker  
  63  6:49  Pylon  
Tags
 
Add a new tag
Caveats
  • Supply blocks, unpowered buildings, or Contaminate may cause inaccurate times.
  • Supply counts are checked every 10 seconds.